 Dungeon Crawl Stone Soup version 0.30.1-11-g7821555f0a (webtiles) character file.

Game seed: 3514077535905066791

91 Martska the Insei (level 4, 0/49 HPs)
             Began as a Human Transmuter on Dec 10, 2023.
             Succumbed to an adder's poison
             ... on level 3 of the Dungeon.
             The game lasted 00:02:36 (2947 turns).

Martska the Insei (Human Transmuter)                Turns: 2947, Time: 00:02:37

Health: 0/49       AC: 22    Str: 13    XL:     4   Next: 88%
Magic:  7/7        EV:  2    Int: 13    God:
Gold:   84         SH:  0    Dex: 13    Spells: 7/8 levels left

rFire   . .          .
                       - Unarmed
rCold   . . .        (no shield)
rNeg    . . .        a - melded +0 robe
rPois   +            (helmet currently unavailable)
rElec   .            (cloak currently unavailable)
rCorr   .            (gloves currently unavailable)
SInv    .            (boots currently unavailable)
Will    .....        (no amulet)
Stlth   +            (no ring)
HPRegen 0.28/turn    (no ring)
MPRegen 0.10/turn

%: no passive effects
@: brilliant, lethally poisoned (0 -> -1), tree-form, hasted, invisible, very
quick
A: stationary, stasis, torment immunity, boosted hp
a: no special abilities


You were on level 3 of the Dungeon.
You were a tree.
You visited 1 branch of the dungeon, and saw 3 of its levels.

You collected 84 gold pieces.

Inventory:

Armour
 a - a +0 robe (melded)
Scrolls
 d - a scroll of amnesia {unknown}
 f - 2 scrolls of teleportation {unknown}
 g - a scroll of immolation {unknown}
 i - 2 scrolls of enchant armour {unknown}
 j - 7 scrolls of identify {unknown}
 k - a scroll of poison {unknown}
 l - a scroll of fog {unknown}
 m - 3 scrolls of vulnerability {unknown}
Potions
 c - a potion of brilliance


   Skills:
 + Level 2.0 Fighting
 + Level 2.7 Dodging
 + Level 3.5 Unarmed Combat
 + Level 2.5 Spellcasting
 + Level 2.7 Transmutations


You had 7 spell levels left.
You knew the following spells:

 Your Spells              Type           Power      Damage    Failure   Level
a - Beastly Appendage     Tmut           26%        N/A       8%          1

Your spell library contained the following spells:

 Spells                   Type           Power      Damage    Failure   Level
 Wereblood                Tmut           13%        N/A       12%         2
 Spider Form              Tmut/Pois      7%         N/A       38%         3
 Gell's Gravitas          Tloc           2%         N/A       58%         3
 Teleport Other           Tloc           2%         N/A       58%         3
 Ice Form                 Ice/Tmut       7%         N/A       80%         4
 Dispersal                Tloc           1%         N/A       100%        6


Dungeon Overview and Level Annotations

Branches:
Dungeon (3/15)

Altars:
Yredelemnul

Shops:
D:3 (


Message History

It was a potion of haste.
You feel yourself speed up.
* * * LOW HITPOINT WARNING * * *
You feel sick. The adder bites you.
* * * LOW HITPOINT WARNING * * *
Your horns disappear.
Your talons disappear.
You turn into a tree.
Your +0 robe melds into your body.
Your roots penetrate the ground.
* * * LOW HITPOINT WARNING * * *
You feel sick. The adder bites you but does no damage.
The goblin throws a stone.
The stone hits the hobgoblin but does no damage.
You barely miss the adder.
The adder is lightly wounded.
* * * LOW HITPOINT WARNING * * *
You feel sick. The adder bites you but does no damage.
You hit the adder.
The adder is heavily wounded.
The goblin throws a stone.
The stone hits the hobgoblin.
You hit the adder.
The adder is severely wounded.
* * * LOW HITPOINT WARNING * * *
You feel sick. The adder bites you but does no damage.
You barely miss the adder.
The adder is severely wounded.
The adder bites you but does no damage.
You smack the adder!
You kill the adder!
* * * LOW HITPOINT WARNING * * *
You feel sick.
Your Fighting skill increases to level 2!
You strike the helpless hobgoblin from behind!
You hit the hobgoblin.
You kill the hobgoblin!
* * * LOW HITPOINT WARNING * * *
You feel sick.
* * * LOW HITPOINT WARNING * * *
You feel sick.
The goblin throws a stone.
The stone hits the orc but does no damage.
The orc hits you but does no damage.
You die...

....#.# #. #####.####....
....#.## #............ #......#
#.......#.... #.#....#
#............ #.#.##.#####
####.......#.### #..<.......#####
#............... #.####.###..##.#
#.g#.####..#.###
#......###.....###..#.####..#.##.
.....##.....##..♣oK...........#..
#.#.........##.###..........###+#
#.#.........##.# #..######.##
............##.# #..# ######
###.........##.###..###...#
###.......................#
.......<............#######
##.###..##..##.######
#.#≈~~~≈≈~~~...########


You could see an orc (unable to see you), a goblin (unable to see you) and a
kobold (unable to see you).

Vanquished Creatures
  Natasha (D:3)
  2 adders
  An orc (D:3)
  7 endoplasms (D:1)
  3 giant cockroaches
  5 goblins
  3 hobgoblins
  A jackal (D:3)
  4 quokkas
  5 ball pythons
  4 bats (D:1)
  3 frilled lizards (D:1)
  2 kobolds (D:1)
  6 rats
47 creatures vanquished.

Notes
Turn   | Place    | Note
-------+----------+-------------------------------------------
     0 | D:1      | Martska the Human Transmuter began the quest for the Orb.
     0 | D:1      | Reached XP level 1. HP: 15/15 MP: 3/3
   146 | D:1      | Reached XP level 2. HP: 21/21 MP: 5/5
   599 | D:1      | Reached XP level 3. HP: 11/26 MP: 4/6
  1944 | D:2      | Reached XP level 4. HP: 29/33 MP: 7/7
  2415 | D:3      | Found Vicuups's Antique Weapon Emporium.
  2499 | D:3      | Found a faded altar of an unknown god.
  2524 | D:3      | Found a basalt altar of Yredelemnul.
  2903 | D:3      | Noticed Natasha
  2915 | D:3      | Killed Natasha
  2943 | D:3      | HP: 2/49 [poisoned by an adder]
  2947 | D:3      | Succumbed to an adder's poison

Illustrated notes

Levels and vault maps discovered:
D:1:      amcnicky_arrival_single_pillar, layout_basic, roderic_lattice_a
D:2:      layout_basic, minmay_misc_feat_hallway
D:3:      minmay_bubble_buster, layout_basic, grunt_temple_overflow_bloody_war,
          grunt_temple_overflow_opulence, general_overflow_altar, serial_shops,
          shop, shapermc_ecumenical_altar_pompeii, minmay_crystal_water,
          uniq_natasha

Skill      XL: |  1  2  3  4 |
---------------+-------------+-----
Fighting       | 2 |  2.0
Dodging        | |  2.7
Unarmed Combat | |  3.5
Spellcasting   | |  2.5
Transmutations | |  2.7

Action                     |  1- 3 |  4- 6 || total
---------------------------+-------+-------++-------
  Melee: Unarmed           |   143 |    52 ||   195
         Punch             |     3 |     2 ||     5
         Headbutt          |     3 |     1 ||     4
         Kick              |     2 |       ||     2
   Cast: Beastly Appendage |     5 |     2 ||     7
    Use: Potion            |       |     4 ||     4
   Stab: Sleeping          |     2 |       ||     2
         Invisible         |       |     1 ||     1
 Armour: Robe              |    21 |    12 ||    33
         Skin              |       |     5 ||     5
  Dodge: Dodged            |    94 |    39 ||   133
